 Dungeon Crawl Stone Soup version 0.28.0-53-g5a82cb258f (webtiles) character file.

Game seed: 204926211801014588

53 protoss039 the Digger (level 3, 27/27 HPs)
             Began as a Demonspawn Earth Elementalist on June 10, 2022.
             Got out of the dungeon alive.
             The game lasted 00:02:32 (2092 turns).

protoss039 the Digger (DsEE)                        Turns: 2092, Time: 00:02:33

Health: 27/27      AC:  3    Str:  8    XL:     3   Next: 64%
Magic:  6/6        EV: 11    Int: 18    God:
Gold:   16         SH:  0    Dex: 13    Spells: 3/6 levels left

rFire   . . .      SeeInvis .   a - +0 dagger
rCold   . . .      Faith    .   (no shield)
rNeg    . . .      Spirit   .   d - +0 leather armour
rPois   .          Reflect  .   (no helmet)
rElec   .          Harm     .   (no cloak)
rCorr   .          Rampage  .   (no gloves)
Will    .....                   (no boots)
Stlth   ++........              (no amulet)
HPRegen 0.09/turn               (no ring)
MPRegen 0.10/turn               (no ring)

@: no status effects
A: hooves 1, powered by death 1
a: no special abilities


You escaped.
You visited 1 branch of the dungeon, and saw 2 of its levels.

You collected 16 gold pieces.

Inventory:

Hand Weapons
 a - a +0 dagger (weapon)
Missiles
 c - 65 stones
Armour
 d - a +0 leather armour (worn)
Wands
 j - a wand of polymorph (2)
Scrolls
 e - a scroll of summoning {unknown}
 f - 2 scrolls of magic mapping {unknown}
 g - a scroll of noise {unknown}
 h - a scroll of enchant weapon {unknown}
 i - 3 scrolls of identify {unknown}
Potions
 b - a potion of heal wounds {unknown}


   Skills:
 * Level 2.0 Fighting
 + Level 1.0 Armour
 - Level 1.7 Dodging
 - Level 1.7 Stealth
 + Level 2.4 Spellcasting
 - Level 1.0 Transmutations
 + Level 3.0 Earth Magic


You had 3 spell levels left.
You knew the following spells:

 Your Spells              Type           Power      Damage    Failure   Level
a - Sandblast             Erth           26%        2d8       7%          1
b - Passwall              Tmut/Erth      7%         N/A       16%         2

Your spell library contained the following spells:

 Spells                   Type           Power      Damage    Failure   Level
 Stone Arrow              Conj/Erth      14%        3d7       36%         3
 Petrify                  Tmut/Erth      9%         N/A       71%         4


Dungeon Overview and Level Annotations

Branches:
Dungeon (2/15)

Altars:


Innate Abilities, Weirdness & Mutations

You have large cloven feet.
You regenerate a little health from kills.


Message History

You are very lightly contaminated with residual magic.
Nothing appears to happen.
The endoplasm hits you but does no damage.
Unknown command.
Casting: Sandblast (safe; 7% risk of failure)
Confirm with . or Enter, or press ? or * to list all spells.
Aiming: Sandblast (safe; 7% risk of failure)
Press: ? - help, Shift-Dir - straight line, f/p - endoplasm
Aim: an endoplasm (severely wounded, 98% to hit)
The blast of sand hits the endoplasm!
You kill the endoplasm!
Unknown command.
Unknown command.
Your magical contamination has completely faded away.
A ball python comes into view.
You can't go up here!
A ball python is nearby!
Casting: Sandblast (safe; 7% risk of failure)
Confirm with . or Enter, or press ? or * to list all spells.
Aiming: Sandblast (safe; 7% risk of failure)
Press: ? - help, Shift-Dir - straight line, f - ball python
Aim: a ball python (wandering, hasn't noticed you, 77% to hit)
The blast of sand hits the ball python!
You kill the ball python!
Unknown command.
Casting: Sandblast (safe; 7% risk of failure)
Confirm with . or Enter, or press ? or * to list all spells.
Aiming: Sandblast (safe; 7% risk of failure)
Press: ? - help, Shift-Dir - straight line, f - you
Okay, then.
Things that are here:
a +0 dagger; an adder corpse; a kobold corpse You see here 6 poisoned darts.
There is a stone staircase leading up here.
You climb upwards.
There is a stone staircase leading down here.
You see here a +0 dagger.
There is a staircase leading out of the dungeon here.
Are you sure you want to leave the Dungeon?
This will make you lose the game!
You have escaped!

##.#.###.....# ##.## #.#.#
#.....# ### #.#.# ##...## ####
#.#.## ##.## ##..# ####
##.##.####.# ####.#.# #...
#...##...### ###...##.####...
#>...###...###...####........
####....####.......## #.#######
#.........####.@.### #.#
#.........##.......## #.#######
#..[....###...###...####.#......
###....##...###.###...##.#.#####
#....#.#### ##..####.#.#.#
#.....## #.###.##..#.#####
#.##### #.# #.##.........
#.###### #.# #.......####.
#...†..# #.######..#### #.


There were no monsters in sight!

Vanquished Creatures
  2 adders (D:2)
  2 endoplasms
  2 giant cockroaches (D:2)
  4 goblins
  3 hobgoblins
  6 kobolds
  A quokka (D:1)
  4 ball pythons
  6 bats
  6 rats (D:1)
36 creatures vanquished.

Notes
Turn   | Place    | Note
-------+----------+-------------------------------------------
     0 | D:1      | protoss039 the Demonspawn Earth Elementalist began the
                  | quest for the Orb.
     0 | D:1      | Reached XP level 1. HP: 13/13 MP: 3/3
   156 | D:1      | Reached skill level 1 in Transmutations
   533 | D:1      | Gained mutation: You regenerate a little health from kills.
                  | [demonic ancestry]
   533 | D:1      | Reached XP level 2. HP: 15/20 MP: 5/5
   534 | D:1      | Reached skill level 1 in Fighting
  1059 | D:1      | Found a faded altar of an unknown god.
  1370 | D:1      | Learned a level 2 spell: Passwall
  1658 | D:2      | Gained mutation: You have large cloven feet. [demonic
                  | ancestry]
  1658 | D:2      | Reached XP level 3. HP: 25/26 MP: 6/6
  1855 | D:2      | Reached skill level 1 in Armour
  1855 | D:2      | Reached skill level 3 in Earth Magic
  2092 | D:$      | Got out of the dungeon alive.

Illustrated notes

Levels and vault maps discovered:
D:1:      dpeg_arrival_simpleton_a, layout_loops_ring, basic_ecumenical_altar
D:2:      layout_basic

Skill      XL: |  1  2  3 |
---------------+----------+-----
Transmutations | 1 |  1.0
Fighting       | 1 2 |  2.0
Armour         | 1 |  1.0
Earth Magic    | 3 |  3.0
Dodging        | |  1.7
Stealth        | |  1.7
Spellcasting   | |  2.4

Action                   || total
-------------------------++-------
Melee: Dagger            ||   157
       Punch             ||     1
       Kick              ||     7
 Cast: Sandblast         ||    15
 Stab: Sleeping          ||     2
Armor: Leather armour    ||    72
Dodge: Dodged            ||   117
